 Dungeon Crawl Stone Soup version 0.29-a0-617-g7a6b98fccd (webtiles) character file.

Game seed: 4574046186116102758

70 Jwatts the Covered (level 4, -9/40 HPs)
             Began as a Minotaur Fighter on June 17, 2022.
             Shot with an arrow by a centaur (12 damage)
             ... on level 5 of the Dungeon.
             The game lasted 00:09:46 (1293 turns).

Jwatts the Covered (Minotaur Fighter)               Turns: 1293, Time: 00:09:47

Health: -9/40      AC:  7    Str: 23    XL:     4   Next: 4%
Magic:  3/3        EV:  9    Int:  5    God:
Gold:   36         SH:  4    Dex:  9    Spells: 3/3 levels left

rFire   . . .      SeeInvis .   a - +0 flail
rCold   . . .      Faith    .   c - +0 buckler
rNeg    . . .      Spirit   .   b - +0 scale mail
rPois   .          Reflect  .   (helmet restricted)
rElec   .          Harm     .   (no cloak)
rCorr   .          Rampage  .   (no gloves)
Will    .....                   (no boots)
Stlth   ..........              (no amulet)
HPRegen 0.13/turn               (no ring)
MPRegen 0.08/turn               (no ring)

@: no status effects
A: horns 2, retaliatory headbutt
a: no special abilities


You were on level 5 of the Dungeon.
You visited 1 branch of the dungeon, and saw 5 of its levels.

You collected 36 gold pieces.

Inventory:

Hand Weapons
 a - a +0 flail (weapon)
 i - a +0 hand axe
Missiles
 e - 44 stones (quivered)
 h - 3 atropa-tipped darts
Armour
 b - a +0 scale mail (worn)
 c - a +0 buckler (worn)
Wands
 k - a wand of iceblast (6)
Scrolls
 d - a scroll of enchant weapon {unknown}
 f - a scroll of vulnerability {unknown}
 g - a scroll of magic mapping {unknown}
Potions
 j - a potion of flight {unknown}


   Skills:
 + Level 4.2 Fighting
 + Level 3.3 Maces & Flails
 + Level 4.3 Armour
 + Level 0.7 Dodging
 + Level 4.2 Shields


You had 3 spell levels left.
You didn't know any spells.
Your spell library was empty.

Dungeon Overview and Level Annotations

Branches:
Dungeon (5/15)
 Temple: D:4-7

Altars:


Innate Abilities, Weirdness & Mutations

You have a pair of horns on your head.
You reflexively headbutt those who attack you in melee.


Message History

You kill the orc!
You block the orc's attack.
You see here a +0 dagger.
You barely miss the orc. The orc hits you but does no damage.
You hit the orc. Your headbutt misses the orc.
The orc is lightly wounded.
You block the orc's attack. The orc hits you with a +0 short sword.
You barely miss the orc. The orc hits you but does no damage.
The orc hits you with a +0 short sword. The orc hits you with a +0 hand axe.
* * * LOW HITPOINT WARNING * * *
The orc hits you with a +0 short sword.
* * * LOW HITPOINT WARNING * * *
You barely miss the orc. You block the orc's attack.
The orc hits you but does no damage.
You hit the orc. Your headbutt misses the orc.
The orc is almost dead.
The orc hits you with a +0 hand axe.
* * * LOW HITPOINT WARNING * * *
The orc hits you but does no damage.
You sock the orc!
You kill the orc!
The orc hits you with a +0 short sword.
* * * LOW HITPOINT WARNING * * *
The orc closely misses you. You furiously retaliate!
You headbutt the orc!
You kill the orc!
You have reached level 4!
You feel stronger.
You see here a +0 hand axe.
Found a club.
You see here a +0 club.
As you open the door, it creaks loudly!
A centaur comes into view.
The centaur shouts!
The centaur wields a +0 shortbow.
The centaur shoots an arrow.
The arrow barely misses you.
Found a short sword, a buckler and 11 gold pieces.
The centaur shoots an arrow.
The arrow hits you.
* * * LOW HITPOINT WARNING * * *
The centaur shoots an arrow.
The arrow hits you!
You die...

##........#
#...c.....#
+.........+
#....$....#
#........
#[....# #.).#
#@# #.# #)#
##.## ##...##
#.....##
##...#.#
.######.#.#.#
.........###..


You could see a centaur.

Vanquished Creatures
  A hound (D:4)
  6 orcs
  2 bats (D:1)
  3 endoplasms (D:1)
  3 giant cockroaches
  4 goblins
  2 hobgoblins (D:1)
  2 jackals (D:3)
  A quokka (D:3)
  3 ball pythons
  4 kobolds
  3 rats
34 creatures vanquished.

Notes
Turn   | Place    | Note
-------+----------+-------------------------------------------
     0 | D:1      | Jwatts the Minotaur Fighter began the quest for the Orb.
     0 | D:1      | Reached XP level 1. HP: 19/19 MP: 0/0
   132 | D:1      | Reached XP level 2. HP: 27/27 MP: 1/1
   744 | D:1      | Found a faded altar of an unknown god.
  1169 | D:3      | Reached XP level 3. HP: 23/33 MP: 2/2
  1242 | D:5      | Entered Level 5 of the Dungeon
  1276 | D:5      | Reached XP level 4. HP: 5/40 MP: 3/3
  1292 | D:5      | Noticed a centaur
  1293 | D:5      | Shot with an arrow by a centaur

Illustrated notes

Levels and vault maps discovered:
D:1:      ebering_trefoil_3fold, layout_rooms, ebering_ecumenical_altar_box
D:2:      layout_basic
D:3:      layout_loops_ring, nicolae_sif_muna_little_library,
          wad_rectangle_vault
D:4:      layout_basic, enter_ossuary_3, uniq_robin
D:5:      layout_loops_corners, ashenzari_altar_1

Skill      XL: |  1  2  3 |
---------------+----------+-----
Fighting       | 4 |  4.2
Armour         | 4 |  4.3
Shields        | 4 |  4.2
Maces & Flails | 3 |  3.3
Dodging        | |  0.7

Action                   |  1- 3 |  4- 6 || total
-------------------------+-------+-------++-------
Melee: Flail             |    73 |       ||    73
       Headbutt          |     9 |       ||     9
  Use: Potion            |     1 |       ||     1
Armor: Scale mail        |    46 |       ||    46
Dodge: Dodged            |    43 |     1 ||    44
Block: Buckler           |    23 |       ||    23

Table legend: (Time is in decaauts)
 A = Elapsed time spent in this place.
 B = Non-inter-level travel time spent in this place.
 C = Inter-level travel time spent in this place.
 D = Time resting spent in this place.
 E = Time spent auto-exploring this place.
 F = Levels seen in this place.
 G = Mean time per level.
                   A        B        C        D        E       F      G
               +--------+--------+--------+--------+--------+-----+--------+
         Total |   1315 |   1315 |      0 |    106 |      0 |   5 |  263.0 |
       Dungeon |   1315 |   1315 |      0 |    106 |      0 |   5 |  263.0 |
               +--------+--------+--------+--------+--------+-----+--------+

Top non-repeatable levels by time:
     D:1: 986 daAuts
     D:3: 123 daAuts
     D:2: 89 daAuts
     D:4: 63 daAuts
     D:5: 52 daAuts
